Map: Newkirk Precinct TE (Void)

Players

NuLo

  • Race: Terran Terran
  • League: Grandmaster
  • Spawn Location: 7:00

NORTHAMERICA - Winner!

  • Race: Protoss Protoss
  • League: Grandmaster
  • Spawn Location: 5:00

VOD

Have the link to the VOD?

Description

Time

  • Played on: Feb. 3, 2017, 2:07 a.m.
  • Length: 12:40
Show
View Real Time Build Order
Export as new Build Order

NuLo Terran 

Build Orders: Command Center First (CC), MMM Bio 

Get SALT Encoding   

  12  0:00  SCV  
  13  0:13  SCV  
  14  0:17  Supply Depot  
  14  0:25  SCV  
  15  0:39  SCV  
  16  0:51  SCV  
  17  1:01  Command Center  
  17  1:03  SCV  
  18  1:14  Barracks  
  18  1:18  SCV  
  19  1:28  Barracks  
  19  1:32  SCV  
  20  1:46  Barracks, SCV  
  21  2:01  Orbital Command, Marine  
  22  2:14  Orbital Command  
  22  2:15  Marine  
  22  2:22  Marine  
  24  2:28  SCV  
  25  2:31  Refinery  
  25  2:32  Refinery  
  25  2:34  Marine  
  25  2:37  Marine  
  26  2:41  SCV x2  
  29  2:53  SCV x2  
  29  2:57  Supply Depot  
  30  3:01  Barracks Tech Lab  
  30  3:02  Marine x2  
  30  3:05  SCV x2  
  34  3:17  SCV x2  
  36  3:22  Marine  
  36  3:23  Marine x2  
  36  3:24  Stimpack  
  36  3:25  Supply Depot  
  39  3:28  Engineering Bay  
  39  3:30  SCV x2  
  41  3:41  Refinery  
  41  3:43  SCV  
  41  3:44  SCV  
  41  3:46  Supply Depot  
  43  3:52  Barracks Reactor x2, Marine  
  44  3:56  SCV x2  
  44  3:58  Factory  
  46  4:05  Missile Turret  
  46  4:10  SCV x2  
  46  4:15  Missile Turret  
  40  4:24  SCV  
  40  4:39  SCV x2  
  42  4:48  Marine  
  42  4:49  Marine x4  
  42  4:52  SCV x2  
  48  5:04  SCV x2  
  50  5:09  Factory Reactor, Starport  
  50  5:16  Terran Infantry Weapons Level 1, SCV x2  
  50  5:19  Supply Depot, Marine  
  50  5:20  Marine x4  
  57  5:24  Combat Shields  
  57  5:28  SCV x2  
  59  5:41  Supply Depot  
  58  5:43  SCV  
  58  5:44  SCV  
  56  5:55  Marine x5  
  56  5:56  SCV x2  
  54  6:07  Factory Reactor  
  54  6:08  SCV x2  
  56  6:12  Command Center  
  56  6:13  Medivac x2  
  56  6:14  Marine  
  56  6:15  Marine  
  56  6:16  Marine  
  56  6:17  Marine  
  64  6:19  Marine  
  64  6:20  SCV x2  
  64  6:24  Refinery  
  64  6:25  Supply Depot  
  66  6:36  Barracks, SCV x2  
  66  6:37  Marine  
  66  6:38  Barracks, Marine  
  70  6:46  Marine  
  71  6:47  Widow Mine, Medivac x2  
  71  6:49  Widow Mine  
  71  6:52  SCV x2  
  81  7:00  Supply Depot  
  81  7:02  Supply Depot  
  81  7:04  Marine  
  81  7:05  Missile Turret, Marine x2  
  84  7:13  Terran Infantry Armor Level 1  
  84  7:17  Engineering Bay, Armory  
  84  7:20  Supply Depot  
  77  7:31  Marine  
  77  7:32  Marine x5, Widow Mine  
  73  7:38  Marine  
  73  7:43  Bunker  
  74  7:46  Missile Turret  
  74  7:49  Marine  
  74  7:50  Marine x3, Widow Mine  
  80  7:53  Marine x2  
  80  7:58  Marine  
  83  7:59  Medivac  
  83  8:01  Widow Mine  
  87  8:07  Marine  
  87  8:12  Marine x3  
  89  8:18  Widow Mine, Medivac  
  95  8:21  Marine x2  
  95  8:22  Marine  
  95  8:25  Marine  
  99  8:30  Marine x2, Widow Mine  
  92  8:56  Marine  
  92  8:57  Barracks Reactor x2, Marine x2  
  92  8:58  Marine x2  
  92  9:00  Terran Infantry Weapons Level 2  
  92  9:01  Terran Ship Weapons Level 1  
  92  9:02  SCV x2  
  99  9:10  Missile Turret  
  99  9:11  Widow Mine x2  
  99  9:12  Medivac x2  
  99  9:14  Missile Turret, Marine, SCV x2  
  110  9:19  Supply Depot  
  110  9:20  Marine  
  111  9:29  Orbital Command  
  111  9:31  SCV x2  
  113  9:37  Bunker  
  113  9:40  Widow Mine x2  
  113  9:42  Concussive Shells  
  90  9:55  Marine x6, Marauder  
  90  9:56  Marine  
  90  9:57  Refinery  
  99  10:02  Refinery  
  98  10:08  Marine, Widow Mine  
  98  10:09  SCV x3  
  104  10:17  Marauder  
  97  10:23  Marine  
  97  10:30  Marine x3  
  97  10:31  Marine x4  
  104  10:37  Barracks  
  104  10:38  Supply Depot x2, Marauder  
  104  10:39  Barracks  
  104  10:40  Barracks, Ghost Academy  
  104  10:41  Marine  
  107  10:44  Command Center  
  107  10:48  Marine  
  107  10:49  Marine x2  
  110  10:59  Marauder  
  97  11:04  Marine  
  97  11:05  Marine x4  
  97  11:06  Marine, Widow Mine x2  
  97  11:07  Medivac x2  
  89  11:21  Marauder  
  80  11:26  Marine x5  
  80  11:27  Marine x3  
  80  11:28  Marine  
  80  11:29  Marine  
  89  11:42  Marauder  
  89  11:44  Marine  
  89  11:45  Marine x3  
  93  11:55  Marine  
  93  11:56  Barracks Tech Lab x2  
  93  11:57  Barracks Tech Lab  
  93  11:58  SCV  
  93  11:59  SCV x2  
  91  12:03  Marauder  
  84  12:17  Marine x4  
  84  12:18  Marine x3, Marauder x3  
  84  12:21  SCV  
  84  12:22  SCV  
Show
View Real Time Build Order
Export as new Build Order

NORTHAMERICA Protoss - Winner!

Build Orders: 1 Gate Expand, Oracle Opening, Phoenix Opening 

Get SALT Encoding   

  12  0:03  Probe (Chrono Boost)  
  13  0:13  Probe (Chrono Boost)  
  14  0:18  Pylon  
  14  0:24  Probe (Chrono Boost)  
  15  0:37  Probe (Chrono Boost)  
  15  0:38  Gateway  
  16  0:47  Probe (Chrono Boost)  
  16  0:48  Assimilator  
  17  0:58  Probe (Chrono Boost)  
  18  1:08  Probe (Chrono Boost)  
  19  1:24  Nexus  
  19  1:35  Cybernetics Core  
  19  1:39  Assimilator  
  19  1:44  Probe (Chrono Boost)  
  20  1:52  Pylon  
  20  1:55  Probe (Chrono Boost)  
  21  2:05  Probe (Chrono Boost)  
  22  2:13  Adept  
  22  2:14  Warp Gate  
  24  2:16  Probe (Chrono Boost)  
  25  2:26  Probe (Chrono Boost)  
  26  2:36  Stargate  
  27  2:37  Probe (Chrono Boost)  
  27  2:39  Probe (Chrono Boost)  
  28  2:47  Probe (Chrono Boost)  
  28  2:50  Probe (Chrono Boost)  
  30  2:58  Probe (Chrono Boost)  
  31  3:01  Probe (Chrono Boost)  
  32  3:10  Mothership Core (Chrono Boost)  
  32  3:11  Probe (Chrono Boost)  
  35  3:15  Oracle  
  35  3:22  Probe (Chrono Boost)  
  39  3:27  Pylon  
  39  3:30  Probe (Chrono Boost)  
  39  3:32  Probe (Chrono Boost)  
  42  3:42  Probe (Chrono Boost)  
  42  3:43  Probe (Chrono Boost)  
  43  3:48  Phoenix  
  43  3:52  Nexus  
  43  3:54  Probe (Chrono Boost)  
  47  3:55  Probe (Chrono Boost)  
  47  4:02  Gateway  
  47  4:05  Gateway  
  47  4:07  Probe x2 (Chrono Boost)  
  49  4:19  Probe (Chrono Boost)  
  49  4:24  Probe (Chrono Boost)  
  51  4:28  Phoenix, Gateway x2  
  49  4:31  Assimilator, Probe (Chrono Boost)  
  49  4:34  Probe (Chrono Boost)  
  49  4:37  Assimilator  
  52  4:43  Probe (Chrono Boost)  
  52  4:44  Twilight Council  
  53  4:52  Pylon  
  53  4:56  Pylon  
  53  4:58  Probe (Chrono Boost)  
  54  5:01  Probe (Chrono Boost)  
  53  5:07  Gateway  
  53  5:09  Gateway  
  53  5:12  Adept x2  
  53  5:13  Pylon  
  57  5:17  Adept  
  59  5:23  Resonating Glaives  
  59  5:24  Adept x2  
  59  5:25  Phoenix  
  59  5:28  Probe (Chrono Boost)  
  66  5:30  Probe (Chrono Boost)  
  67  5:37  Adept  
  67  5:44  Adept  
  67  5:45  Adept  
  67  5:48  Probe (Chrono Boost)  
  72  5:52  Probe (Chrono Boost)  
  72  5:53  Adept x2  
  71  5:58  Phoenix  
  71  6:04  Probe (Chrono Boost)  
  74  6:08  Probe (Chrono Boost)  
  74  6:10  Forge  
  75  6:12  Robotics Facility, Probe (Chrono Boost)  
  75  6:16  Probe (Chrono Boost)  
  77  6:20  Probe (Chrono Boost), Sentry  
  77  6:23  Adept x2  
  77  6:24  Phoenix  
  84  6:32  Probe (Chrono Boost)  
  88  6:33  Probe (Chrono Boost)  
  88  6:37  Pylon  
  88  6:38  Probe (Chrono Boost)  
  89  6:43  Protoss Ground Weapons Level 1  
  89  6:44  Pylon, Probe (Chrono Boost)  
  89  6:45  Probe (Chrono Boost)  
  91  6:48  Phoenix  
  91  6:49  Probe (Chrono Boost)  
  92  6:58  Adept  
  92  6:59  Adept  
  96  7:04  Adept x2  
  96  7:05  Observer  
  96  7:08  Adept  
  103  7:10  Phoenix  
  103  7:13  Adept x2  
  109  7:17  Pylon  
  107  7:32  Phoenix  
  107  7:33  Adept  
  112  7:37  Pylon, Probe (Chrono Boost)  
  112  7:43  Assimilator, Robotics Bay  
  112  7:48  Assimilator  
  112  7:49  Adept x2  
  117  7:52  Pylon x2, Probe (Chrono Boost)  
  117  7:53  Pylon  
  118  7:58  Probe (Chrono Boost)  
  118  8:07  Adept x3  
  118  8:09  Observer  
  125  8:13  Photon Cannon  
  125  8:17  Probe (Chrono Boost)  
  125  8:18  Photon Cannon  
  125  8:19  Photon Cannon  
  124  8:24  Adept x3  
  124  8:26  Colossus  
  128  8:28  Extended Thermal Lance  
  133  8:34  Probe (Chrono Boost)  
  133  8:38  Probe (Chrono Boost)  
  133  8:41  Probe (Chrono Boost)  
  135  8:46  Adept  
  135  8:47  Adept x4  
  139  8:50  Probe (Chrono Boost)  
  134  8:56  Protoss Ground Armor Level 1  
  134  8:59  Adept x2  
  137  9:10  Adept x2  
  137  9:11  Adept x3  
  148  9:25  Probe (Chrono Boost)  
  148  9:27  Nexus  
  148  9:28  Pylon  
  148  9:32  Blink  
  148  9:42  Forge  
  148  9:46  Colossus  
  148  9:49  Phoenix  
  147  9:57  Stalker x5  
  143  10:11  Phoenix  
  143  10:13  Stalker  
  141  10:23  Protoss Ground Weapons Level 2  
  141  10:26  Probe (Chrono Boost)  
  142  10:31  Pylon  
  142  10:33  Stalker x3, Assimilator  
  142  10:34  Stalker  
  150  10:38  Assimilator  
  150  10:39  Colossus  
  156  10:46  Stalker  
  156  10:47  Stalker x2  
  136  11:06  Adept x2  
  136  11:07  Adept x2  
  124  11:27  Adept x5  
  124  11:28  Adept x2  
  124  11:29  Photon Cannon  
  124  11:32  Probe (Chrono Boost)  
  139  11:33  Observer  
  139  11:37  Photon Cannon  
  139  11:38  Probe (Chrono Boost)  
  142  11:40  Probe (Chrono Boost)  
  142  11:41  Probe (Chrono Boost)  
  143  11:51  Stalker x4  
  143  11:52  Stalker x2  
  159  12:05  Probe (Chrono Boost)  
  160  12:14  Stalker x3  
  160  12:15  Stalker x4  
  172  12:19  Probe (Chrono Boost)  
  172  12:21  Probe (Chrono Boost)  
  172  12:22  Probe (Chrono Boost)  
  178  12:30  Probe (Chrono Boost)  
Tags
 
Add a new tag
Caveats
  • Supply blocks, unpowered buildings, or Contaminate may cause inaccurate times.
  • Supply counts are checked every 10 seconds.